 Dungeon Crawl Stone Soup version 0.30-a0-1016-gfb0d676c02 (webtiles) character file.

Game seed: 17158186979067594316

59 gelatine the Covered (level 3, -1/26 HPs)
             Began as a Demonspawn Wanderer on Apr 6, 2023.
             Slain by a gnoll
             ... wielding a +0 halberd
              (9 damage)
             ... on level 2 of the Dungeon.
             The game lasted 00:03:34 (1310 turns).

gelatine the Covered (Demonspawn Wanderer)          Turns: 1310, Time: 00:03:35

Health: -1/26      AC:  5    Str: 12    XL:     3   Next: 78%
Magic:  0/4        EV: 10    Int: 17    God:
Gold:   60         SH:  0    Dex: 10    Spells: 3/4 levels left

rFire   . . .      SeeInvis .    a - +2 quarterstaff
rCold   . . .      Faith    .    (shield currently unavailable)
rNeg    . . .      Spirit   .    b - +0 ring mail
rPois   .          Reflect  .    (no helmet)
rElec   .          Rampage  .    (no cloak)
rCorr   .                        (no gloves)
Will    .....                    (no boots) Stlth
                                 (no amulet)
HPRegen 0.24/turn                (no ring)
MPRegen 0.09/turn                (no ring)

@: very slightly contaminated
A: powered by death 2
a: no special abilities


You were on level 2 of the Dungeon.
You visited 1 branch of the dungeon, and saw 2 of its levels.

You collected 60 gold pieces.

Inventory:

Hand Weapons
 a - a +2 quarterstaff (weapon)
Missiles
 g - 5 boomerangs
 h - 16 stones
Armour
 b - a +0 ring mail (worn)
 f - a +0 kite shield
 i - a +0 scale mail
Magical Staves
 n - a staff of air
Scrolls
 e - a scroll of amnesia {unknown}
 j - 2 scrolls of summoning {unknown}
 k - a scroll of immolation {unknown}
 o - a scroll of poison {unknown}
 q - a scroll of magic mapping {unknown}
 r - 2 scrolls of identify {unknown}
Potions
 c - 3 potions of lignification
 d - a potion of cancellation {unknown}
 l - a potion of magic {unknown}
 m - a potion of mutation {unknown}
 p - a potion of curing {unknown}


   Skills:
 * Level 1.1 Fighting
 + Level 2.0 Staves
 * Level 4.2 Armour
 * Level 0.3 Dodging
 + Level 1.3 Spellcasting
 + Level 3.0 Ice Magic


You had 3 spell levels left.
You knew the following spells:

 Your Spells              Type           Power      Damage    Failure   Level
a - Freeze                Ice            44%        1d6       13%         1

Your spell library contained the following spells:

 Spells                   Type           Power      Damage    Failure   Level
 Frozen Ramparts          Ice            22%        1d4       36%         3


Dungeon Overview and Level Annotations

Branches:
Dungeon (2/15)

Altars:


Innate Abilities, Weirdness & Mutations

You regenerate health from kills.


Message History

A goblin and a kobold come into view.
The goblin moves out of view.
The kobold closely misses you.
You freeze the kobold.
You kill the kobold!
You freeze the goblin.
You kill the goblin!
Your Ice Magic skill increases to level 3!
Things that are here:
a +0 whip; a kobold corpse You see here a +0 dagger.
A ball python comes into view.
Found a book of Callings.
Found 5 gold pieces.
A gnoll comes into view. It is wielding a +0 halberd.
Found a stone staircase leading up.
The gnoll shouts!
A gnoll comes into view. It is wielding a +0 spear.
The ball python bites you. The ball python barely misses you.
You freeze the ball python.
You kill the ball python!
The gnoll shouts!
A gnoll comes into view. It is wielding a +0 whip.
The gnoll hits you from afar with a +0 halberd!
The gnoll shouts!
The gnoll closely misses you. The gnoll misses you.
A rat comes into view.
You freeze the gnoll.
The gnoll is moderately wounded.
The gnoll hits you from afar with a +0 spear.
The gnoll closely misses you.
You miscast Freeze.
You are very lightly contaminated with residual magic.
Nothing appears to happen.
The gnoll closely misses you. The gnoll hits you with a +0 halberd.
You freeze the gnoll.
The gnoll is moderately wounded.
The gnoll hits you from afar with a +0 spear!
The gnoll hits you with a +0 halberd!
You die...

....#..<#
#.......#.
#......... #
#.........
#.##...:.....
#....g.....$.
#.....gg..r..
#.###@.......
#....####.##.
#....####
#.......#
#.......#
#######.......#.
##.....#)......#.#
.......#.)....<..#
#.....#.......#.#


You could see 3 gnolls and a rat.

Vanquished Creatures
  2 adders (D:2)
  A dart slug (D:2)
  3 ball pythons
  4 endoplasms
  2 giant cockroaches (D:1)
  3 goblins
  A hobgoblin (D:1)
  4 jackals (D:1)
  5 kobolds
  4 quokkas
  2 bats (D:2)
  A frilled lizard (D:1)
  3 rats
35 creatures vanquished.

Notes
Turn   | Place    | Note
-------+----------+-------------------------------------------
     0 | D:1      | gelatine the Demonspawn Wanderer began the quest for the
                  | Orb.
     0 | D:1      | gelatine set off with the following items: a +2
                  | quarterstaff, a +0 ring mail, a potion of lignification;
                  | and the following spell memorised: Freeze; and the
                  | following spells available to memorise: Frozen Ramparts.
     0 | D:1      | Reached XP level 1. HP: 13/13 MP: 2/2
   190 | D:1      | Gained mutation: You regenerate a little health from kills.
                  | [demonic ancestry]
   190 | D:1      | Reached XP level 2. HP: 20/20 MP: 0/3
   233 | D:1      | Reached skill level 4 in Armour
   948 | D:2      | Gained mutation: You regenerate health from kills. [demonic
                  | ancestry]
   948 | D:2      | Reached XP level 3. HP: 25/25 MP: 0/4
  1004 | D:2      | Reached skill level 1 in Fighting
  1310 | D:2      | Slain by a gnoll

Illustrated notes

Levels and vault maps discovered:
D:1:      amcnicky_arrival_underground_garden, layout_basic,
          nrook_loot_triangle, minmay_misc_feat_rugged
D:2:      layout_basic, minmay_quadrilaterals

Skill      XL: |  1  2  3 |
---------------+----------+-----
Armour         | 4 |  4.2
Staves         | 2 |  2.0
Fighting       | 1 |  1.1
Ice Magic      | 3 |  3.0
Dodging        | |  0.3
Spellcasting   | |  1.3

Action                     || total
---------------------------++-------
  Melee: Quarterstaff      ||    44
   Cast: Freeze            ||    38
 Armour: Ring mail         ||    31
  Dodge: Dodged            ||    54

Table legend: (Time is in decaauts)
 A = Elapsed time spent in this place.
 B = Non-inter-level travel time spent in this place.
 C = Inter-level travel time spent in this place.
 D = Time resting spent in this place.
 E = Time spent auto-exploring this place.
 F = Levels seen in this place.
 G = Mean time per level.
                   A        B        C        D        E       F      G
               +--------+--------+--------+--------+--------+-----+--------+
         Total |   1318 |   1269 |     49 |      0 |    999 |   2 |  659.0 |
       Dungeon |   1318 |   1269 |     49 |      0 |    999 |   2 |  659.0 |
               +--------+--------+--------+--------+--------+-----+--------+

Top non-repeatable levels by time:
     D:1: 935 daAuts
     D:2: 383 daAuts
